 Dungeon Crawl Stone Soup version 0.29.1-1-gd02db6906a (webtiles) character file.

Game seed: 12726379396912274328

11829 raph the Reanimator (level 11, -6/58 (61) HPs)
             Began as a Deep Elf Conjurer on Oct 12, 2022.
             Was a Priest of Sif Muna.
             Mangled by a death yak (18 damage)
             ... on level 2 of the Lair of Beasts.
             The game lasted 00:27:16 (16295 turns).

raph the Reanimator (Deep Elf Conjurer)            Turns: 16295, Time: 00:27:16

HP:   -6/58 (61)    AC:  9    Str:  4    XL:     11   Next: 54%
MP:   8/25          EV: 12    Int: 34    God:    Sif Muna [***...]
Gold: 668           SH:  5    Dex: 13    Spells: 1/26 levels left

rFire   + . .      SeeInvis .   P - staff of conjuration
rCold   . . .      Faith    .   l - +0 buckler
rNeg    . . .      Spirit   .   I - +0 acid dragon scales
rPois   .          Reflect  .   L - +0 helmet
rElec   .          Harm     .   (no cloak)
rCorr   +          Rampage  .   p - +0 pair of gloves
Will    +....                   x - +0 pair of boots
Stlth   +++.......              h - amulet of the acrobat
HPRegen 0.19/turn               g - ring of protection from fire
MPRegen 0.19/turn               y - +6 ring of intelligence

@: about to teleport, very slightly contaminated, lightly drained
A: no striking features
a: Renounce Religion, Channel Magic, Forget Spell


You were on level 2 of the Lair of Beasts.
You worshipped Sif Muna.
Sif Muna was most pleased with you.
You visited 3 branches of the dungeon, and saw 14 of its levels.

You collected 731 gold pieces.
You spent 63 gold pieces at shops.

Inventory:

Hand Weapons
 e - a +1 dagger
 D - a +3 short sword
 E - a +3 short sword of freezing
 H - a +2 short sword of speed
 J - a +2 rapier of speed
Missiles
 j - 40 poisoned darts
 B - a throwing net
Armour
 a - a +0 robe
 l - a +0 buckler (worn)
 p - a +0 pair of gloves (worn)
 x - a +0 pair of boots (worn)
 I - +0 acid dragon scales (worn)
 L - a +0 helmet (worn)
Magical Staves
 P - a staff of conjuration (weapon)
Jewellery
 g - a ring of protection from fire (left hand)
 h - an amulet of the acrobat (around neck)
 s - an amulet of magic regeneration
 y - a +6 ring of intelligence (right hand)
Wands
 b - a wand of digging (5)
 k - a wand of acid (11)
 q - a wand of roots (4)
 F - a wand of flame (17)
Scrolls
 t - 2 scrolls of enchant weapon
 u - 4 scrolls of amnesia
 z - a scroll of teleportation
 A - 3 scrolls of blinking
 K - a scroll of identify
 M - a scroll of fear
 N - a scroll of fog
Potions
 c - a potion of ambrosia
 d - a potion of flight
 f - 5 potions of heal wounds
 i - 3 potions of mutation
 m - a potion of invisibility
 n - a potion of degeneration
 o - 7 potions of curing
 r - 3 potions of might
 v - 2 potions of brilliance
 w - 2 potions of lignification
 C - a potion of haste
 G - 2 potions of cancellation {unknown}
Miscellaneous
 O - a phial of floods


   Skills:
 - Level 4.0 Fighting
 - Level 1.0 Armour
 - Level 7.1 Dodging
 - Level 5.6 Stealth
 - Level 4.0 Shields
 - Level 8.2 Spellcasting
 - Level 9.1 Conjurations
 - Level 7.2 Hexes
 + Level 10.1 Necromancy
 + Level 6.6 Earth Magic
 - Level 4.2 Invocations


You had one spell level left.
You knew the following spells:

 Your Spells              Type           Power      Damage    Failure   Level
a - Magic Dart            Conj           100%       1d8       1%          1
b - Searing Ray           Conj           100%       2d8       1%          2
c - Dazzling Flash        Conj/Hex       100%       N/A       1%          3
d - Fulminant Prism       Conj/Hex       40%        3d20      3%          4
e - Iskenderun's Mystic   Conj/Tloc      61%        2d13      16%         4
f - Anguish               Hex/Necr       32%        N/A       2%          4
g - Call Imp              Summ           14%        N/A       16%         2
h - Borgnjor's Vile Clut  Necr/Erth      31%        N/A       9%          5

Your spell library contained the following spells:

 Spells                   Type           Power      Damage    Failure   Level
 Shock                    Conj/Air       100%       1d9       1%          1
 Tukima's Dance           Hex            59%        N/A       1%          3
 Ensorcelled Hibernation  Hex/Ice        76%        N/A       3%          2
 Summon Guardian Golem    Hex/Summ       38%        N/A       7%          3
 Mephitic Cloud           Conj/Pois/Air  51%        N/A       9%          3
 Scorch                   Fire           28%        2d6       16%         2
 Flame Wave               Conj/Fire      61%        2d14      16%         4
 Death Channel            Necr           35%        N/A       24%         6
 Spider Form              Tmut/Pois      14%        N/A       30%         3
 Yara's Violent Unravell  Hex/Tmut       19%        3d9       54%         5
 Passage of Golubria      Tloc           14%        N/A       71%         4
 Orb of Destruction       Conj           42%        9d12      90%         7
 Summon Cactus Giant      Summ           7%         N/A       100%        6
 Spellforged Servitor     Conj/Summ      30%        N/A       100%        7
 Death's Door             Necr           35%        N/A       100%        9


Dungeon Overview and Level Annotations

Branches:
Dungeon (11/15)            Temple (1/1) D:5            Lair (1/5) D:9
    Orc (0/2) D:10

Altars:
Ashenzari
Cheibriados
Dithmenos
Elyvilon
Fedhas
Gozag
Hepliaklqana
Kikubaaqudgha
Makhleb
Nemelex Xobeh
Okawaru
Ru
Sif Muna
Uskayaw
Vehumet
Wu Jian
Xom
Yredelemnul
Zin
The Shining One

Shops:
D:4 [   D:8 [   D:9 (

Annotations:
D:3 2 runed translucent doors
D:5 Menkaure


Message History

Casting: Iskenderun's Mystic Blast (dangerous; 16% risk of failure)
Confirm with . or Enter, or press ? or * to list all spells.
You feel a surge of power!
You erupt in a blast of force!
The mystic blast hits the bush!
The bush is lightly damaged.
The mystic blast hits the death yak!
The death yak is lightly wounded.
The death yak is knocked back by the mystic blast.
The death yak collides with the death yak!
The death yak is moderately wounded. x2
The mystic blast hits the hell rat!
The hell rat is heavily wounded.
The hell rat is knocked back by the mystic blast.
The hell rat collides with the death yak!
The death yak is moderately wounded.
You kill the hell rat!
Sif Muna accepts your kill.
The mystic blast hits the death yak but does no damage.
The death yak is lightly wounded.
You hear a deafening roar!
The death yak gores you!
* * * LOW HITPOINT WARNING * * *
Casting: Iskenderun's Mystic Blast (dangerous; 16% risk of failure)
Confirm with . or Enter, or press ? or * to list all spells.
You feel a surge of power!
You miscast Iskenderun's Mystic Blast.
Nothing appears to happen.
The death yak gores you.
* * * LOW HITPOINT WARNING * * *
What are your orders? t - Shout!
Orders for allies: a - Attack new target. r - Retreat! s - Stop attacking. g - Guard the area. f - Follow me.
Anything else - Cancel.
Retreat in which direction?
Press: ? - help, Dir - move target, f - you
Okay, then.
As you read the scroll of teleportation, it crumbles to dust.
You feel strangely unstable. You block the death yak's attack.
The death yak attacks as you move away! The death yak gores you!!
You die...

...#.##
#.....#
#.....#
.....##
#.....#
#....##
##.....#
#.....##
#.#.Y@.P#
##.#YY..#
###.†.##
#...##
####...#
#......##
#...###.†####
#.### ##....#
# #####...#


You could see 3 death yaks.

Vanquished Creatures
  2 two-headed ogres
  A flayed ghost (D:10)
  An ugly thing (D:9)
  A manticore (D:9)
  Joseph (D:8)
  3 centaur zombies (D:11)
  A cane toad (Lair:1)
  Psyche (D:9)
  A komodo dragon (Lair:1)
  A troll (D:8)
  Prince Ribbit (D:5)
  Sigmund (D:5)
  2 shadows (D:11)
  Eustachio (D:5)
  A vampire (D:11)
  4 yaks (D:9)
  A wraith (D:11)
  A wyvern (D:10)
  A basilisk (D:9)
  5 water moccasins
  4 acid dragons
  An ice beast (D:7)
  A black bear (D:7)
  An ogre (D:6)
  4 centaurs
  2 phantoms (D:4)
  5 kobold brigands
  2 bullfrogs (D:7)
  A necrophage (D:4)
  3 scorpions
  21 wights
  6 killer bees (D:9)
  3 electric eels
  3 howler monkeys
  2 crimson imps
  2 hounds (D:4)
  6 jellies
  6 orc priests
  2 gnoll boudas
  2 iguanas
  Ijyb (D:5)
  A boggart zombie (D:11)
  6 orc wizards
  4 hell rats (Lair:2)
  11 gnolls
  9 adders
  2 shadow imps
  A white imp (D:6)
  An ufetubus (D:5)
  A worm (D:2)
  6 dart slugs
  23 orcs
  7 ball pythons
  10 endoplasms
  3 giant cockroaches
  7 goblins
  10 hobgoblins
  25 kobolds
  4 quokkas
  3 bats
  2 frilled lizards (D:3)
  8 rats
253 creatures vanquished.

Vanquished Creatures (others)
  80 fulminant prisms
  A fungus (Lair:2)
  19 plants
100 creatures vanquished.

Grand Total: 353 creatures vanquished

Notes
Turn   | Place    | Note
-------+----------+-------------------------------------------
     0 | D:1      | raph the Deep Elf Conjurer began the quest for the Orb.
     0 | D:1      | Reached XP level 1. HP: 10/10 MP: 6/6
   394 | D:1      | Reached XP level 2. HP: 15/15 MP: 6/8
   415 | D:1      | Learned a level 2 spell: Searing Ray
   576 | D:1      | Found a faded altar of an unknown god.
  1249 | D:2      | Reached XP level 3. HP: 19/19 MP: 2/9
  1253 | D:2      | Learned a level 3 spell: Dazzling Flash
  1387 | D:2      | Found a shimmering altar of Xom.
  1720 | D:2      | Reached skill level 5 in Conjurations
  2188 | D:3      | Reached skill level 1 in Hexes
  2188 | D:3      | Reached XP level 4. HP: 20/24 MP: 1/11
  2359 | D:3      | Reached XP level 5. HP: 15/28 MP: 2/13
  3043 | D:3      | Learned a level 4 spell: Fulminant Prism
  3228 | D:3      | Found a large runed translucent door.
  3229 | D:3      | Found a large runed translucent door.
  4112 | D:4      | Reached XP level 6. HP: 33/33 MP: 8/14
  4433 | D:4      | Found Guh Daez's Armour Boutique.
  4438 | D:4      | Bought a +0 pair of gloves for 63 gold pieces
  4666 | D:4      | Reached skill level 1 in Fighting
  4754 | D:4      | Reached skill level 1 in Shields
  5120 | D:4      | Reached XP level 7. HP: 38/38 MP: 11/16
  5150 | D:4      | Reached skill level 5 in Spellcasting
  5688 | D:5      | Entered Level 5 of the Dungeon
  5748 | D:5      | Learned a level 4 spell: Iskenderun's Mystic Blast
  5790 | D:5      | Noticed Prince Ribbit
  5807 | D:5      | Killed Prince Ribbit
  5808 | D:5      | Reached skill level 5 in Stealth
  5811 | D:5      | Reached XP level 8. HP: 14/44 MP: 7/18
  6164 | D:5      | Noticed Eustachio
  6171 | D:5      | Noticed Ijyb
  6173 | D:5      | Killed Eustachio
  6174 | D:5      | Reached skill level 5 in Dodging
  6378 | D:5      | Killed Ijyb
  6518 | D:5      | Noticed Sigmund
  6790 | D:5      | Killed Sigmund
  6793 | D:5      | Noticed Menkaure
  6902 | D:5      | Identified a scroll of acquirement
  6902 | D:5      | Acquired Fulaf's Spellbook of Shocking Shadows
  6909 | D:5      | Learned a level 4 spell: Anguish
  7103 | D:5      | Found a staircase to the Ecumenical Temple.
  7109 | Temple   | Entered the Ecumenical Temple
  7320 | Temple   | Became a worshipper of Sif Muna the Loreminder
  7349 | D:5      | Found a burning altar of Makhleb.
  7643 | D:6      | Reached skill level 1 in Necromancy
  7936 | D:6      | Reached skill level 5 in Hexes
  7936 | D:6      | Reached skill level 1 in Invocations
  7942 | D:6      | Reached skill level 2 in Necromancy
  8113 | D:6      | Reached XP level 9. HP: 49/49 MP: 15/20
  8643 | D:6      | Found a radiant altar of Vehumet.
  8813 | D:6      | Reached skill level 3 in Necromancy
  9118 | D:7      | Learned a level 2 spell: Call Imp
  9375 | D:7      | Reached * piety under Sif Muna
  9440 | D:7      | Identified the +6 scale mail "Trusted Companion" {+Blink
                  | rC- Str+8 Dex-5}
  9440 | D:7      | You fall into a shaft and drop 1 floor!
  9440 | D:8      | Found Katoruank's Armour Shop.
  9543 | D:7      | Reached skill level 4 in Necromancy
 10161 | D:7      | Found a sparkling altar of Nemelex Xobeh.
 10662 | D:8      | Noticed Joseph
 10674 | D:8      | HP: 2/51 [Joseph/sling bullet (6)]
 10678 | D:8      | Killed Joseph
 10964 | D:8      | Reached skill level 5 in Necromancy
 10980 | D:8      | Reached ** piety under Sif Muna
 10981 | D:8      | Reached XP level 10. HP: 56/56 MP: 12/23
 11652 | D:9      | Noticed Psyche
 11660 | D:9      | Killed Psyche
 11859 | D:9      | Found a snail-covered altar of Cheibriados.
 11885 | D:9      | Noticed a manticore
 11907 | D:9      | Killed a manticore
 12162 | D:9      | Found Pudoguch's Weapon Emporium.
 12289 | D:9      | Found a staircase to the Lair.
 12330 | D:9      | Found a blossoming altar of Fedhas.
 12340 | D:9      | Reached skill level 6 in Necromancy
 12360 | D:9      | Noticed a two-headed ogre
 12383 | D:9      | Killed a two-headed ogre
 12384 | D:9      | Reached skill level 1 in Armour
 12701 | D:9      | Found a glowing golden altar of the Shining One.
 12901 | D:9      | Learned a level 5 spell: Borgnjor's Vile Clutch
 12948 | D:9      | Noticed a green ugly thing
 12959 | D:9      | Killed a green ugly thing
 12960 | D:9      | Reached skill level 7 in Necromancy
 13141 | D:9      | Found a hide-covered altar of Uskayaw.
 13394 | D:10     | Entered Level 10 of the Dungeon
 13400 | D:10     | Reached *** piety under Sif Muna
 13601 | D:10     | Found a staircase to the Orcish Mines.
 13612 | D:10     | Found a glowing silver altar of Zin.
 13656 | D:10     | Reached XP level 11. HP: 49/61 MP: 10/25
 13766 | D:10     | Reached skill level 8 in Necromancy
 14002 | D:10     | Noticed a two-headed ogre
 14019 | D:10     | Killed a two-headed ogre
 14872 | D:10     | Noticed a flayed ghost
 14882 | D:10     | Killed a flayed ghost
 15258 | D:11     | Found a broken altar of Ashenzari.
 15284 | D:11     | Reached skill level 9 in Necromancy
 15284 | D:11     | Reached skill level 5 in Earth Magic
 15757 | D:9      | Noticed a brown ugly thing
 15760 | Lair:1   | Entered Level 1 of the Lair of Beasts
 16043 | Lair:1   | Reached skill level 10 in Necromancy
 16139 | Lair:1   | Identified the +11 hand axe of Uvvumo {vorpal, Int+4}
 16187 | Lair:1   | You fall into a shaft and drop 1 floor!
 16268 | Lair:2   | Noticed a death yak
 16269 | Lair:2   | Noticed a death yak
 16272 | Lair:2   | Noticed a death yak
 16273 | Lair:2   | Noticed a death yak
 16295 | Lair:2   | Mangled by a death yak

Illustrated notes

Levels and vault maps discovered:
D:1:      dpeg_arrival_shrine, layout_basic,
          hellmonk_ecumenical_altar_leap_of_faith
D:2:      layout_loops_cross, basic_altar
D:3:      layout_rooms, jmf_multi_god_temple2
D:4:      layout_cave_pools, serial_shops, shop, minmay_misc_feat_room
D:5:      layout_rooms, makhleb_grotto_becter, minmay_temple_entry_metal_lava,
          uniq_ijyb, uniq_eustachio, uniq_prince_ribbit1, uniq_sigmund,
          uniq_menkaure
D:6:      layout_gridville, fiery_altar_vehumet, minmay_fire_ice_demons
D:7:      layout_cave_pools, mainiacjoe_overflow_paths, st_stairs_4,
          serial_bayou_lagoon_b
D:8:      layout_loops_ring, serial_shops, nicolae_stop_n_shop_2, uniq_joseph
D:9:      layout_roguey, nicolae_uskayaw_dance_studio,
          mainiacjoe_overflow_large_starburst,
          mainiacjoe_overflow_concentric_impassable, serial_shops, shop,
          kb_rosetta, uniq_psyche
D:10:     layout_irregular_city, old_standard_altar, kennysheep_island_fort
D:11:     layout_stronghold, serial_shops, kennysheep_little_box, serial_undead,
          serial_undead_a, serial_undead_d, serial_undead_b, serial_undead_a,
          serial_undead_a, serial_undead_d, nicolae_ashenzari_panopticon
Temple:   hc_temple_tempest_star
Lair:1:   layout_cave_shapes, serial_bayou_crossing, lemuel_fruit_tree,
          lemuel_fruit_fields
Lair:2:   cheibrodos_lair_river_kwai, layout_cave_pods,
          minmay_snake_entry_spellcaster, basic_altar

Skill      XL: |  1  2  3  4  5  6  7  8  9 10 11 |
---------------+----------------------------------+-----
Stealth        | 3 4 5 |  5.6
Dodging        | 3 4 5 6 7 |  7.1
Conjurations   | 5 6 7 8 9 |  9.1
Hexes          | 1 2 3 5 6 7 |  7.2
Spellcasting   | 4 5 6 7 8 |  8.2
Fighting       | 1 2 3 4 |  4.0
Shields        | 1 2 3 4 |  4.0
Necromancy     | 2 5 7 10 | 10.1
Invocations    | 1 3 4 |  4.2
Armour         | 1 |  1.0
Earth Magic    | 3 6 |  6.6

Action                   |  1- 3 |  4- 6 |  7- 9 | 10-12 || total
-------------------------+-------+-------+-------+-------++-------
Melee: Dagger            |     3 |     1 |     7 |       ||    11
       Short sword       |       |       |     2 |       ||     2
       Rapier            |       |       |       |     5 ||     5
 Cast: Magic Dart        |    28 |    26 |     9 |     3 ||    66
       Searing Ray       |    22 |    26 |    40 |    49 ||   137
       Fulminant Prism   |       |     4 |    38 |    38 ||    80
       Iskenderun's Myst |       |       |     9 |    15 ||    24
       Anguish           |       |       |     1 |     1 ||     2
       Borgnjor's Vile C |       |       |       |     5 ||     5
Invok: Channel Magic     |       |       |       |     1 ||     1
Evoke: Wand              |       |       |       |     5 ||     5
  Use: Scroll            |     6 |     5 |     8 |     5 ||    24
       Potion            |       |       |     2 |     1 ||     3
Armor: Robe              |     5 |       |     4 |       ||     9
       Acid dragon scale |       |       |       |    11 ||    11
Dodge: Dodged            |     8 |    32 |    62 |    84 ||   186
Block: Buckler           |       |     2 |    17 |    29 ||    48
